 Dungeon Crawl Stone Soup version 0.29.1-14-g9c671dbff4 (webtiles) character file.

Game seed: 6043336816063604820

36 Descartes the Trooper (level 3, -4/19 HPs)
             Began as a Felid Wanderer on Feb 13, 2023.
             Killed from afar by Natasha (23 damage)
             ... with a bolt of light
             ... on level 2 of the Dungeon.
             The game lasted 00:01:43 (1919 turns).

Descartes the Trooper (Felid Wanderer)              Turns: 1919, Time: 00:01:44

Health: -4/19      AC:  1    Str:  9    XL:     3   Next: 19%
Magic:  4/4        EV: 18    Int: 11    God:
Gold:   78         SH:  0    Dex: 18    Spells: 2/2 levels left
                                        Lives:  0   Deaths: 1

rFire   . . .      SeeInvis +     - Unarmed
rCold   . . .      Faith    .   (shield unavailable)
rNeg    . . .      Spirit   .   (body armour unavailable)
rPois   .          Reflect  .   (helmet unavailable)
rElec   .          Harm     .   (cloak unavailable)
rCorr   .          Rampage  .   (gloves unavailable)
Will    .....                   (boots unavailable)
Stlth   +++.......              (no amulet)
HPRegen 0.06/turn               (no ring)
MPRegen 0.09/turn               (no ring)

@: quick
A: very small, claws 1, fangs 3, see invisible, speed 1, shaggy fur 1, stealthy
paws, no weapons or thrown items, no armour, multi-lived
a: no special abilities


You were on level 2 of the Dungeon.
You visited 1 branch of the dungeon, and saw 2 of its levels.

You collected 78 gold pieces.

Inventory:

Scrolls
 c - 3 scrolls of butterflies
 f - 2 scrolls of identify {unknown}
 i - a scroll of magic mapping {unknown}
 j - a scroll of teleportation {unknown}
Potions
 a - a potion of brilliance
 b - 2 potions of might
 d - a potion of attraction
 e - 2 potions of flight {unknown}
 g - 2 potions of lignification {unknown}
 h - a potion of heal wounds {unknown}
 k - a potion of invisibility {unknown}
 l - a potion of curing {unknown}


   Skills:
 - Level 5.0 Fighting
 + Level 2.8 Dodging
 + Level 4.3 Stealth
 + Level 3.8 Unarmed Combat


You had 2 spell levels left.
You didn't know any spells.
Your spell library was empty.

Dungeon Overview and Level Annotations

Branches:
Dungeon (2/15)

Altars:

Annotations:
D:2 Natasha


Innate Abilities, Weirdness & Mutations

You have sharp claws.
You have razor-sharp teeth.
You have supernaturally acute eyesight. (SInv)
You cover ground quickly. (Speed+)
You are covered in fur. (AC +1)
Your paws help you pounce on unaware monsters.
You are incapable of wielding weapons or throwing items.
You cannot wear armour.
You gain extra lives every three experience levels.


Message History

Natasha, Servant of Life and Death comes into view.
She is carrying a wand of light (8).
A worm comes into view.
Found a stone staircase leading down.
Unknown command.
Natasha hisses angrily.
You scratch the worm.
The worm is lightly wounded.
Natasha stares at you and mumbles some strange words.
You feel yourself slow down. The worm bites you!
* * * LOW HITPOINT WARNING * * *
You scratch the worm.
The worm is moderately wounded.
The worm bites you.
You die...
You are now level 3!
You rejoin the land of the living...
Found an escape hatch in the ceiling.
No target in view!
No target in view!
You now have 78 gold pieces (gained 6).
You see here 6 stones.
There is a stone staircase leading up here.
Found a faded altar of an unknown god.
There is a faded altar of an unknown god here.
c - 3 scrolls of butterflies (gained 1) Natasha is nearby!
You scratch Natasha. You bite Natasha.
Natasha is heavily wounded.
Natasha closely misses you.
You scratch Natasha.
Natasha is severely wounded.
Natasha completely misses you.
You closely miss Natasha.
Natasha is severely wounded.
Natasha zaps a wand.
The bolt of light misses you.
You scratch Natasha. Your bite misses Natasha.
Natasha is severely wounded.
Natasha zaps a wand.
The bolt of light hits you!!
Ouch! That really hurt!
You die...

####......##...<......# ##.##.#)#
........#######.......# #....#.#
#..#.........#######.#####...##.#
##........##.## #.#.....#.....
#.......(# ..# #...######....
#........# #.# ##..## #....
##........# #.#######..<# #....
.).######.###..#......#.# #....
.### ##....#..@...(.#.# #.... .#
#####.......h........# #.... .#
#.....#######.....#..## #.... .#
#.##### #.....#...####....
.###.###########.....#.#...######
.....#>.....(.#..#####......#
.#####.......†..## ######.#####
.# ........### ########..#... .#
......... ............##


You could see Natasha.

Vanquished Creatures
  Natasha (D:2)
  An adder (D:2)
  A worm (D:2)
  2 dart slugs (D:1)
  3 ball pythons
  4 bats
  2 giant cockroaches (D:1)
  A goblin (D:1)
  3 hobgoblins
  5 jackals
  5 kobolds
  2 quokkas (D:1)
  3 frilled lizards
  7 rats
40 creatures vanquished.

Notes
Turn   | Place    | Note
-------+----------+-------------------------------------------
     0 | D:1      | Descartes the Felid Wanderer began the quest for the Orb.
     0 | D:1      | Descartes set off with the following items: a potion of
                  | brilliance, a potion of might, 2 scrolls of butterflies, a
                  | potion of attraction.
     0 | D:1      | Reached XP level 1. HP: 12/12 MP: 2/2
    45 | D:1      | Reached skill level 1 in Dodging
    70 | D:1      | Reached XP level 2. HP: 8/16 MP: 3/3
   767 | D:1      | Reached XP level 3. HP: 11/19 MP: 4/4
  1549 | D:2      | Noticed Natasha
  1562 | D:2      | Killed Natasha
  1563 | D:2      | Reached XP level 4. HP: 20/23 MP: 5/5
  1793 | D:2      | Noticed Natasha
  1799 | D:2      | Slain by a worm
  1800 | D:2      | Reached XP level 3. HP: -3/19 MP: 4/4
  1863 | D:2      | Found a faded altar of an unknown god.
  1919 | D:2      | Killed from afar by Natasha

Illustrated notes

Levels and vault maps discovered:
D:1:      dpeg_arrival_shelter, layout_loops_ring
D:2:      layout_rooms, ebering_ecumenical_altar_hall, uniq_natasha

Skill      XL: |  1  2  3 |
---------------+----------+-----
Stealth        | 3 4 |  4.3
Dodging        | 1 2 |  2.8
Fighting       | |  5.0
Unarmed Combat | |  3.8

Action                   |  1- 3 |  4- 6 || total
-------------------------+-------+-------++-------
Melee: Unarmed           |    89 |    14 ||   103
       Bite              |    11 |     4 ||    15
       Punch             |     2 |       ||     2
 Stab: Sleeping          |     7 |       ||     7
       Distracted        |     2 |       ||     2
Armor: Skin              |     8 |       ||     8
Dodge: Dodged            |    67 |     8 ||    75
